 Dungeon Crawl Stone Soup version 0.20.0-10-g0535bb4 (webtiles) character file.

779 Gorglomux the Sneak (level 7, 0/55 HPs)
             Began as a Vampire Fire Elementalist on June 3, 2017.
             Was an Initiate of Kikubaaqudgha.
             Slain by a hound (6 damage)
             ... on level 4 of the Dungeon.
             The game lasted 00:22:59 (7113 turns).

Gorglomux the Sneak (Vampire Fire Elementalist)     Turns: 7113, Time: 00:22:59

Health: 0/55       AC:  8    Str:  7    XL:     7   Next: 54%
Magic:  5/10       EV: 14    Int: 17    God:    Kikubaaqudgha [......]
Gold:   176        SH:  0    Dex: 17    Spells: 4/10 levels left

rFire    . . .     SeeInvis +   f - +0 dagger
rCold    + . .     Gourm    .   (no shield)
rNeg     + + .     Faith    .   i - +0 leather armour (curse)
rPois    +         Spirit   .   (no helmet)
rElec    .         Reflect  .   n - +2 cloak
rCorr    .         Harm     .   (no gloves)
MR       .....                  k - +1 pair of boots
Stlth    ++++......             (no amulet)
Regen    0.1/turn               t - ring of wizardry
MPRegen  0.2/turn               (no ring)

@: regenerating slowly
A: fangs 3, see invisible, unbreathing
a: Bat Form, Renounce Religion


You were on level 4 of the Dungeon.
You worshipped Kikubaaqudgha.
Kikubaaqudgha was noncommittal.
You were near bloodless.

You visited 2 branches of the dungeon, and saw 5 of its levels.

You collected 176 gold pieces.

Inventory:

Hand Weapons
 f - a +0 dagger (weapon)
 q - a +0 falchion
Missiles
 d - 57 arrows
 Z - a throwing net (quivered)
Armour
 a - a +0 robe
 i - a cursed +0 leather armour (worn)
 k - a +1 pair of boots (worn)
 n - a +2 cloak (worn)
Jewellery
 m - an uncursed amulet of regeneration {unknown}
 t - a ring of wizardry (left hand)
Scrolls
 h - 4 scrolls of identify {unknown}
 j - a scroll of magic mapping {unknown}
 o - 3 scrolls of remove curse {unknown}
 p - 4 scrolls of enchant armour
 r - 2 scrolls of teleportation {unknown}
Potions
 c - 3 potions of blood
 e - a potion of invisibility
 g - a potion of agility {unknown}
 l - a potion of lignification {unknown}
 s - a potion of flight {unknown}
 u - a potion of brilliance {unknown}
 Y - a potion of heal wounds {unknown}
Books
 b - a book of Flames

   Spells                             Type                      Level
   a - Flame Tongue                   Conjuration/Fire             1
   b - Throw Flame                    Conjuration/Fire             2
   c - Conjure Flame                  Conjuration/Fire             3
   d - Inner Flame                    Hexes/Fire                   3
   e - Sticky Flame                   Conjuration/Fire             4
   f - Fireball                       Conjuration/Fire             5


   Skills:
 + Level 4.3 Fighting
 + Level 3.7(4.1) Short Blades
 - Level 2.0(3.0) Long Blades
 + Level 4.7 Dodging
 - Level 6.0 Stealth
 - Level 2.0 Spellcasting
 - Level 0.6 Conjurations
 - Level 2.4 Fire Magic


You had 4 spell levels left.
You knew the following spells:

 Your Spells              Type           Power        Failure   Level  Hunger
a - Flame Tongue          Conj/Fire      #....        6%          1    #......
b - Throw Flame           Conj/Fire      #.....       10%         2    ###....
j - Conjure Flame         Conj/Fire      #.......     19%         3    ###....


Dungeon Overview and Level Annotations

Branches:
Dungeon (4/15)             Temple (1/1) D:4

Altars:
Ashenzari
Elyvilon
Gozag
Kikubaaqudgha
Nemelex Xobeh
Okawaru
Qazlal
Ru
Vehumet
Yredelemnul
Zin

Annotations:
D:3 4 exclusions, Pikel
D:4 Duvessa; George's ghost, amateur MiFi


Innate Abilities, Weirdness & Mutations

You heal slowly.
You have razor-sharp teeth.
You have supernaturally acute eyesight. (SInv)
You can survive without breathing.


Message History

Casting: Flame Tongue
Confirm with . or Enter, or press ? or * to list all spells.
You don't have enough magic to cast that spell.
Unknown command.
George's ghost says, "Live by the sword, die by the sword."
George's ghost closely misses you. George's ghost hits you!
* * * LOW HITPOINT WARNING * * *
Your magical contamination has completely faded away.
Okay, then.
George's ghost says very slowly, "There's no hope."
George's ghost holds its blade at the ready.
George's ghost shouts, "There is no future for me!"
Unknown command.
A hound comes into view.
The hound barks!
The hound barely misses you. The hound bites you.
You die...
Kikubaaqudgha rasps: "You have failed me!
Welcome... oblivion!"

#.#.# #.# #.#
#.#.#########.# #.#
#.#...W.e...#.### #.#
#.##.######.#<).# #.#
#.##e.##....###[#
#.###.##.##.# #.# ##
#.###.##.##.###[# ..
#..#....e..W.##.# ##
#%..........h@..#
#.##..⌠...⌠..#..#
#..#.........#..#####
#.......>[..........#
#..#........%#.####.#
##.#..⌠...⌠..#.#
#........)....#
###.........#.#
##.##.##.##... #


You could see Duvessa, a hound and George's ghost.

Vanquished Creatures
  Sigmund (D:4)
  An ice beast (D:4)
  2 slaves
  An ogre (D:3)
  Dowan (D:4)
  A bullfrog skeleton (D:4)
  2 orc wizards (D:4)
  Jessica (D:2)
  3 worker ants
  2 gnolls (D:1)
  2 river rats (D:4)
  5 adders
  3 oozes
  5 worms
  3 dart slugs (D:1)
  3 leopard geckos
  5 orcs
  7 bats
  6 giant cockroaches
  6 goblins
  10 hobgoblins
  8 jackals
  3 quokkas
  A frilled lizard (D:2)
  2 kobolds (D:2)
  A leopard gecko skeleton (D:4)
  7 rats
92 creatures vanquished.

Notes
Turn   | Place    | Note
-------+----------+-------------------------------------------
     0 | D:1      | Gorglomux the Vampire Fire Elementalist began the quest for the Orb.
     0 | D:1      | Reached XP level 1. HP: 13/13 MP: 3/3
   253 | D:1      | Reached skill level 1 in Fighting
   253 | D:1      | Reached XP level 2. HP: 17/21 MP: 0/5
   301 | D:1      | Learned a level 2 spell: Throw Flame
   492 | D:1      | Reached skill level 4 in Stealth
   899 | D:1      | Reached XP level 3. HP: 26/26 MP: 6/6
   983 | D:1      | Reached skill level 5 in Stealth
  1793 | D:2      | Reached XP level 4. HP: 33/33 MP: 7/7
  1999 | D:2      | Reached skill level 1 in Short Blades
  2237 | D:2      | Found a faded altar of an unknown god.
  2531 | D:2      | Reached skill level 6 in Stealth
  2565 | D:2      | Noticed Jessica
  2572 | D:2      | Killed Jessica
  2572 | D:2      | Reached XP level 5. HP: 31/38 MP: 8/8
  3212 | D:3      | Reached skill level 1 in Long Blades
  3668 | D:4      | Found a staircase to the Ecumenical Temple.
  3668 | D:4      | Noticed an ogre
  3880 | D:3      | Killed an ogre
  3880 | D:3      | Reached skill level 3 in Dodging
  4068 | D:4      | Reached XP level 6. HP: 40/46 MP: 5/9
  4141 | D:4      | Reached skill level 3 in Fighting
  4153 | Temple   | Entered the Ecumenical Temple
  4334 | Temple   | Became a worshipper of Kikubaaqudgha
  4422 | D:4      | Noticed George's ghost (amateur MiFi)
  4481 | D:4      | Noticed an ice beast
  4493 | D:4      | Learned a level 3 spell: Conjure Flame
  4885 | D:4      | Killed an ice beast
  5105 | D:4      | Noticed a slave
  5186 | D:4      | Noticed a slave
  5217 | D:4      | Killed a slave
  5241 | D:4      | Noticed Pikel
  5607 | D:4      | Reached XP level 7. HP: 53/53 MP: 4/10
  6616 | D:4      | Noticed Sigmund
  6640 | D:4      | Killed Sigmund
  6640 | D:4      | Reached skill level 3 in Short Blades
  7018 | D:4      | Noticed Duvessa
  7018 | D:4      | Noticed Dowan
  7019 | D:4      | Killed Dowan
  7072 | D:4      | HP: 2/55 [George's ghost (10)]
  7113 | D:4      | Slain by a hound

Skill      XL: |  1  2  3  4  5  6  7 |
---------------+----------------------+-----
Fighting       | 1 2 3 4 |  4.3
Stealth        | 4 5 6 |  6.0
Short Blades   | 1 2 3 |  3.7
Long Blades    | 1 2 |  2.0
Dodging        | 3 4 |  4.7
Spellcasting   | |  2.0
Conjurations   | |  0.6
Fire Magic     | |  2.4

Action                   |  1- 3 |  4- 6 |  7- 9 || total
-------------------------+-------+-------+-------++-------
Melee: Unarmed           |     2 |       |       ||     2
       Dagger            |    41 |   144 |    51 ||   236
       Bite              |     4 |    12 |     4 ||    20
 Cast: Flame Tongue      |    42 |    85 |    63 ||   190
       Throw Flame       |     6 |    31 |     5 ||    42
       Conjure Flame     |       |     4 |     2 ||     6
 Abil: End Transformatio |       |     6 |     7 ||    13
       Bat Form          |       |     6 |     7 ||    13
  Use: Potion            |     3 |    10 |     3 ||    16
       Scroll            |       |     1 |       ||     1
 Stab: Invisible         |     1 |       |       ||     1
       Sleeping          |     3 |    16 |     1 ||    20
Armor: Robe              |     9 |       |       ||     9
       Leather armour    |    11 |    51 |    25 ||    87
Dodge: Dodged            |    40 |   110 |    58 ||   208
